 Dungeon Crawl Stone Soup version 0.25-a0-930-g9f5dfa9815 (webtiles) character file.

Game seed: 5981632601238462727, levelgen mode: classic

292 Amnesiac the Chiller (level 6, -2/45 HPs)
             Began as a Ghoul Ice Elementalist on May 4, 2020.
             Slain by a centaur zombie (3 damage)
             ... on level 4 of the Dungeon.
             The game lasted 00:04:18 (3077 turns).

Amnesiac the Chiller (Ghoul Ice Elementalist)       Turns: 3077, Time: 00:04:18

Health: -2/45      AC:  7    Str: 12    XL:     6   Next: 33%
Magic:  10/10      EV: 12    Int: 12    God:
Gold:   156        SH:  2    Dex:  9    Spells: 7/11 levels left

rFire    . . .     SeeInvis .   a - +0 long sword
rCold    + . .     Gourm    .   (no shield)
rNeg     + + +     Faith    .   v - +0 robe
rPois    ∞         Spirit   .   (no helmet)
rElec    .         Reflect  +   (no cloak)
rCorr    +         Harm     .   (no gloves)
MR       .....                  (no boots)
Stlth    ++........             m - +2 amulet of reflection
HPRegen  0.00/turn              s - ring of resist corrosion
MPRegen  0.12/turn              t - +5 ring of protection

@: rotting, hasted, very quick
A: rotting body, claws 1, carnivore, cold resistance 1, negative energy
resistance 3, inhibited regeneration, torment resistance, unbreathing
a: no special abilities


You were on level 4 of the Dungeon.
You were not hungry.

You visited 1 branch of the dungeon, and saw 4 of its levels.

You collected 156 gold pieces.

Inventory:

Hand Weapons
 a - a +0 long sword (weapon)
 b - a +0 dagger of flaming
 w - a +2 halberd of protection
Missiles
 e - 116 stones (quivered)
 u - 8 curare-tipped darts
Armour
 v - a +0 robe (worn)
Jewellery
 m - a +2 amulet of reflection (around neck)
 s - a ring of resist corrosion (left claw)
 t - a +5 ring of protection (right claw)
Scrolls
 i - 2 scrolls of teleportation {!r, unknown}
 l - 2 scrolls of identify {!r, unknown}
 o - a scroll of magic mapping {!r, unknown}
 p - a scroll of remove curse {!r, unknown}
 q - a scroll of noise {!r, unknown}
 r - a scroll of fear {!r, unknown}
Potions
 d - a potion of stabbing {!q, unknown}
 f - 2 potions of resistance {!q, unknown}
 g - a potion of haste {!q}
 h - a potion of cancellation {!q, unknown}
 j - a potion of lignification {!q, unknown}
 k - 2 potions of mutation {!q, unknown}
Comestibles
 c - 10 rations


   Skills:
 - Level 1.7 Dodging
 - Level 2.1 Stealth
 + Level 3.3 Spellcasting
 * Level 7.1 Ice Magic


You had 7 spell levels left.
You knew the following spells:

 Your Spells              Type           Power        Failure   Level  Hunger
a - Freeze                Ice            ###.         1%          1    #......
b - Frozen Ramparts       Ice            ###...       3%          3    ###....

Your spell library contained the following spells:

 Spells                   Type           Power        Failure   Level  Hunger
 Ozocubu's Armour         Chrm/Ice       ##......     16%         3    ###....
 Hailstorm                Conj/Ice       ##......     47%         4    #####..
 Summon Ice Beast         Ice/Summ       ##......     47%         4    #####..


Dungeon Overview and Level Annotations

Branches:
Dungeon (4/15)
 Temple: D:4-7

Altars:
Elyvilon
Ru
Trog


Innate Abilities, Weirdness & Mutations

Your body is rotting away.
You thrive on raw meat.
You are immune to poison.
You have sharp fingernails.
You are carnivorous and can eat meat at any time.
Your flesh is cold resistant. (rC+)
You are immune to negative energy. (rN+++)
You do not regenerate when monsters are visible.
You are immune to unholy pain and torment.
You can survive without breathing.


Message History

You destroy the leopard gecko skeleton!
Okay, then.
You now have 156 gold pieces (gained 6).
You start resting.
HP restored.
Magic restored.
You open the large door.
A centaur zombie comes into view.
There is a large open door here.
A centaur zombie is nearby!
A centaur zombie is nearby!
A centaur zombie is nearby!
There is a large open door here.
Casting: Freeze (safe; 1% risk of failure)
Confirm with . or Enter, or press ? or * to list all spells.
You don't know that spell.
Casting: Freeze (safe; 1% risk of failure)
Confirm with . or Enter, or press ? or * to list all spells.
You don't know that spell.
You barely miss the centaur zombie. The centaur zombie hits you.
The centaur zombie hits you but does no damage.
You hit the centaur zombie.
The centaur zombie is lightly damaged.
The centaur zombie barely misses you.
You riposte.
You hit the centaur zombie.
The centaur zombie is moderately damaged.
The centaur zombie barely misses you.
You hit the centaur zombie but do no damage.
The centaur zombie is moderately damaged.
The centaur zombie hits you!
You hit the centaur zombie.
The centaur zombie is heavily damaged.
The centaur zombie barely misses you. x2; You riposte.
You hit the centaur zombie.
The centaur zombie is heavily damaged.
You hit the centaur zombie.
The centaur zombie is severely damaged.
The centaur zombie barely misses you. The centaur zombie hits you.
You hit the centaur zombie but do no damage.
The centaur zombie is severely damaged.
The centaur zombie hits you but does no damage. x2
You hit the centaur zombie.
The centaur zombie is severely damaged.
The centaur zombie misses you. The centaur zombie hits you.
* * * LOW HITPOINT WARNING * * *
You hit the centaur zombie but do no damage.
The centaur zombie is severely damaged.
The centaur zombie hits you.
* * * LOW HITPOINT WARNING * * *
The centaur zombie hits you but does no damage.
You completely miss the centaur zombie.
The centaur zombie is severely damaged.
The centaur zombie hits you.
* * * LOW HITPOINT WARNING * * *
You hit the centaur zombie.
The centaur zombie is severely damaged.
The centaur zombie hits you.
* * * LOW HITPOINT WARNING * * *
The centaur zombie hits you but does no damage.
Okay, then.
Really quaff
g - 2 metallic yellow potions {!q}?
It was a potion of haste {!q}.
You feel yourself speed up.
The centaur zombie hits you but does no damage.
The centaur zombie hits you.
You die...

#.........# #.
#.........# .
#.........# # #
#.#+##.####
##.########.#+##.#
........##.....#.#
........##.....#.+
......Z.''.....#
.......@##.....#
........++.....#
........##.....#
........##.....#
........##.....#
........##.....#
..####### .....#
##


You could see a centaur zombie.

Vanquished Creatures
  Blork the orc (D:4)
  An orc priest (D:3)
  2 orc wizards (D:3)
  4 adders
  An ooze (D:3)
  3 worms
  2 dart slugs
  A leopard gecko (D:1)
  13 orcs (D:3)
  4 giant cockroaches
  7 goblins
  7 hobgoblins
  2 jackals (D:1)
  8 kobolds
  A quokka (D:3)
  2 ball pythons
  5 bats
  2 frilled lizards
  A leopard gecko skeleton (D:4)
  6 rats
73 creatures vanquished.

Notes
Turn   | Place    | Note
-------+----------+-------------------------------------------
     0 | D:1      | Amnesiac the Ghoul Ice Elementalist began the quest for the
                  | Orb.
     0 | D:1      | Reached XP level 1. HP: 14/14 MP: 2/2
   220 | D:1      | Reached XP level 2. HP: 20/20 MP: 1/3
   635 | D:1      | Reached skill level 5 in Ice Magic
   801 | D:1      | Reached XP level 3. HP: 26/26 MP: 2/5
   806 | D:1      | Learned a level 3 spell: Frozen Ramparts
  1307 | D:2      | Found a white marble altar of Elyvilon.
  1764 | D:2      | Reached XP level 4. HP: 27/33 MP: 1/6
  1802 | D:2      | Found a sacrificial altar of Ru.
  2034 | D:3      | Reached skill level 6 in Ice Magic
  2081 | D:3      | Found a bloodstained altar of Trog.
  2191 | D:3      | Reached XP level 5. HP: 38/38 MP: 4/8
  2821 | D:3      | Reached XP level 6. HP: 41/45 MP: 5/9
  3000 | D:4      | Noticed Blork the orc
  3018 | D:4      | Killed Blork the orc
  3018 | D:4      | Reached skill level 7 in Ice Magic
  3076 | D:4      | HP: 1/45 [centaur zombie (6)]
  3077 | D:4      | Slain by a centaur zombie

Levels and vault maps discovered:
D:1:      evilmike_arrival_hilbert_curve, layout_loops_corners
D:2:      layout_rooms, nicolae_ru_the_path_less_chosen, elyvilon_altar_1
D:3:      layout_loops_ring, bloody_trog, nrook_uturn
D:4:      layout_basic, kennysheep_mini, okawaru_gym_becter, serial_shops,
          shop_fountains, first_ration, uniq_blork_the_orc, uniq_grinder

Skill      XL: |  1  2  3  4  5  6 |
---------------+-------------------+-----
Spellcasting   | 2 3 |  3.3
Ice Magic      | 5 6 7 |  7.1
Dodging        | |  1.7
Stealth        | |  2.1

Action                   |  1- 3 |  4- 6 || total
-------------------------+-------+-------++-------
Melee: Unarmed           |    14 |       ||    14
       Dagger            |    17 |    43 ||    60
       Long sword        |       |    21 ||    21
 Cast: Freeze            |    43 |    26 ||    69
       Frozen Ramparts   |     2 |     9 ||    11
  Use: Potion            |       |     1 ||     1
 Stab: Sleeping          |     1 |     1 ||     2
  Eat: Chunk             |    10 |     6 ||    16
Armor: Robe              |     6 |    34 ||    40
Dodge: Dodged            |    37 |    50 ||    87
Block: Other             |       |     7 ||     7
       Rpst.: Long sword |       |     7 ||     7

Table legend:
 A = Non-vault XP
 B = Vault XP
 C = Vault XP percentage of total XP
 D = Non-vault monster count
 E = Vault monster count
 F = Vault count percentage of total count
                 A         B        C        D         E       F
            +---------+---------+-------+---------+---------+-------
      Total |     324 |      94 |  22.5 |      72 |       1 |   1.4
            +---------+---------+-------+---------+---------+-------
        D:1 |      42 |       0 |   0.0 |      24 |       0 |   0.0
        D:2 |      41 |       0 |   0.0 |      12 |       0 |   0.0
        D:3 |     240 |       0 |   0.0 |      35 |       0 |   0.0
        D:4 |       1 |      94 |  98.9 |       1 |       1 |  50.0
            +---------+---------+-------+---------+---------+-------
